 Dungeon Crawl Stone Soup version 0.30-a0-613-gdd512c7efb (webtiles) character file.

Game seed: 2283470314764080452

378 acebull12 the Chopper (level 6, -4/56 HPs)
             Began as a Hill Orc Monk on Jan 9, 2023.
             Succumbed to a water moccasin's poison
             ... on level 4 of the Dungeon.
             The game lasted 00:06:45 (3377 turns).

acebull12 the Chopper (Hill Orc Monk)               Turns: 3377, Time: 00:06:45

Health: -4/56      AC:  5    Str: 16    XL:     6   Next: 74%
Magic:  6/6        EV: 11    Int: 10    God:
Gold:   181        SH:  0    Dex: 13    Spells: 5/5 levels left

rFire   . . .      SeeInvis .    a - +0 hand axe
rCold   . . .      Faith    .    (no shield)
rNeg    . . .      Spirit   .    d - +0 ring mail
rPois   .          Reflect  .    (no helmet)
rElec   .          Harm     .    (no cloak)
rCorr   .          Rampage  .    (no gloves)
Will    .....                    (no boots)
Stlth   +                        (no amulet)
HPRegen 0.29/turn                (no ring)
MPRegen 0.10/turn                (no ring)

@: lethally poisoned (-4 -> -24)
A: no striking features
a: no special abilities


You were on level 4 of the Dungeon.
You visited 1 branch of the dungeon, and saw 4 of its levels.

You collected 181 gold pieces.

Inventory:

Hand Weapons
 a - a +0 hand axe (weapon)
 g - a +4 whip
Missiles
 f - 13 stones (quivered)
Armour
 b - a +0 robe
 d - a +0 ring mail (worn)
Jewellery
 l - a ring of ice
Wands
 n - a wand of flame (12)
 r - a wand of mindburst (10)
Scrolls
 e - a scroll of silence {unknown}
 i - a scroll of blinking {unknown}
 k - 2 scrolls of noise {unknown}
 m - 2 scrolls of vulnerability {unknown}
 o - a scroll of fear {unknown}
 p - 3 scrolls of identify {unknown}
 q - 2 scrolls of magic mapping {unknown}
 s - a scroll of poison {unknown}
Potions
 c - a potion of ambrosia
 h - 3 potions of might {unknown}
 j - a potion of lignification {unknown}


   Skills:
 * Level 5.2 Fighting
 * Level 7.1 Axes
 * Level 3.3 Armour
 + Level 2.8 Dodging
 + Level 1.6 Stealth


You had 5 spell levels left.
You didn't know any spells.
Your spell library contained the following spells:

 Spells                   Type           Power      Damage    Failure   Level
 Kiss of Death            Conj/Necr      0%         2d5       56%         1
 Magic Dart               Conj           0%         1d3       56%         1
 Searing Ray              Conj           0%         2d4       71%         2
 Hailstorm                Conj/Ice       0%         3d3       91%         3
 Ozocubu's Armour         Ice            0%         N/A       91%         3
 Fulminant Prism          Conj/Hex       0%         3d5       100%        4
 Ice Form                 Ice/Tmut       0%         N/A       100%        4
 Alistair's Intoxication  Tmut/Pois      0%         N/A       100%        5
 Borgnjor's Vile Clutch   Necr/Erth      0%         N/A       100%        5
 Eringya's Noxious Bog    Tmut/Pois      0%         N/A       100%        6
 Simulacrum               Ice/Necr       0%         N/A       100%        6
 Ozocubu's Refrigeration  Ice            0%         4d7       100%        7


Dungeon Overview and Level Annotations

Branches:
Dungeon (4/15)
 Temple: D:4-7

Altars:
Ru
Sif Muna
Trog
Uskayaw

Shops:
D:2 (


Message History

The water moccasin barely misses you.
You miss the water moccasin. Your punch misses the water moccasin.
The water moccasin is heavily wounded.
The water moccasin bites you. x2
You are poisoned.
The water moccasin poisons you!
You closely miss the water moccasin.
The water moccasin is heavily wounded.
You feel very sick. The water moccasin barely misses you.
You closely miss the water moccasin.
The water moccasin is heavily wounded.
You feel sick.
The water moccasin completely misses you.
You closely miss the water moccasin.
The water moccasin is heavily wounded.
You feel sick. The water moccasin misses you.
The water moccasin barely misses you.
You completely miss the water moccasin.
The water moccasin is heavily wounded.
You feel sick. The water moccasin bites you!
You are more poisoned.
The water moccasin poisons you!
You hit the water moccasin.
The water moccasin is severely wounded.
You feel very sick.
The water moccasin bites you but does no damage.
The water moccasin bites you.
* * * LOW HITPOINT WARNING * * *
You are more poisoned.
The water moccasin poisons you!
You miss the water moccasin.
The water moccasin is severely wounded.
* * * LOW HITPOINT WARNING * * *
You feel very sick. The water moccasin bites you.
* * * LOW HITPOINT WARNING * * *
You hit the water moccasin.
The water moccasin is almost dead.
You die...

..........##..###...##
.............# ##..##
.....####...#
............#
......##....#
......#....##
..........##
......##S..##
.........@..#
.............#
#...........##
##..........#
#....#....>.
$..#........#
..###......## #.......


You could see a water moccasin.

Vanquished Creatures
  Sigmund (D:3)
  Jessica (D:2)
  Natasha (thrice) (D:2)
  Robin (D:1)
  A gnoll (D:3)
  2 adders (D:2)
  2 worms
  2 orcs
  7 ball pythons
  8 endoplasms
  3 giant cockroaches
  17 goblins
  10 hobgoblins
  2 jackals (D:3)
  2 quokkas (D:1)
  8 bats
  A frilled lizard (D:3)
  3 kobolds
  2 rats
76 creatures vanquished.

Notes
Turn   | Place    | Note
-------+----------+-------------------------------------------
     0 | D:1      | acebull12 the Hill Orc Monk began the quest for the Orb.
     0 | D:1      | Reached XP level 1. HP: 19/19 MP: 1/1
   115 | D:1      | Reached XP level 2. HP: 27/27 MP: 2/2
   464 | D:1      | Reached XP level 3. HP: 31/34 MP: 3/3
   724 | D:1      | You fall into a shaft and drop 1 floor!
   725 | D:2      | Noticed Jessica
   733 | D:2      | Killed Jessica
   734 | D:2      | Reached skill level 1 in Armour
   878 | D:2      | Reached XP level 4. HP: 23/41 MP: 4/4
   971 | D:2      | Reached skill level 5 in Axes
  1024 | D:2      | Found Caxingum's Weapon Shoppe.
  1287 | D:2      | Noticed Natasha
  1297 | D:2      | Killed Natasha
  1473 | D:2      | Noticed Robin
  1656 | D:1      | Killed Robin
  1657 | D:1      | Reached XP level 5. HP: 33/47 MP: 5/5
  1947 | D:2      | Found a faded altar of an unknown god.
  2077 | D:2      | Noticed Natasha
  2088 | D:2      | Killed Natasha
  2089 | D:2      | Reached skill level 5 in Fighting
  2210 | D:2      | Noticed Natasha
  2219 | D:2      | Killed Natasha
  2220 | D:2      | Reached skill level 6 in Axes
  2426 | D:3      | Found a sacrificial altar of Ru.
  2652 | D:3      | Noticed a +0 hand axe
  2652 | D:3      | Noticed a +0 hand axe
  2653 | D:3      | Found a hide-covered altar of Uskayaw.
  2739 | D:3      | Noticed Sigmund
  2753 | D:3      | Killed Sigmund
  2754 | D:3      | Reached XP level 6. HP: 29/56 MP: 6/6
  2963 | D:3      | Found a bloodstained altar of Trog.
  2977 | D:3      | Reached skill level 7 in Axes
  3030 | D:3      | Found a shimmering blue altar of Sif Muna.
  3034 | D:3      | Got Sif Muna's Teachings on Sciomancy
  3361 | D:4      | Noticed a water moccasin
  3376 | D:4      | HP: 1/56 [water moccasin (5)]
  3377 | D:4      | Succumbed to a water moccasin's poison

Illustrated notes

Levels and vault maps discovered:
D:1:      psy_arrival_radial02, layout_basic
D:2:      layout_loops_ring, serial_shops, nicolae_shop_trees,
          chequers_ecumenical_altar_simple, grunt_decor_mini_mirrors,
          uniq_robin, uniq_natasha, uniq_jessica
D:3:      layout_basic, dancing_weapons_uskayaw,
          nicolae_ru_sacrificial_ziggurat,
          nzn_overflow_gifts_of_might_and_magic, uniq_sigmund
D:4:      layout_cave_pools, kennysheep_small_circle

Skill      XL: |  1  2  3  4  5  6 |
---------------+-------------------+-----
Fighting       | 4 5 |  5.2
Armour         | 1 3 |  3.3
Axes           | 5 6 7 |  7.1
Dodging        | |  2.8
Stealth        | |  1.6

Action                   |  1- 3 |  4- 6 || total
-------------------------+-------+-------++-------
Melee: Hand axe          |   102 |   206 ||   308
       Punch             |       |     3 ||     3
Throw: Stone             |       |     1 ||     1
Armor: Robe              |     1 |       ||     1
       Ring mail         |    60 |    59 ||   119
Dodge: Dodged            |    77 |    99 ||   176

Table legend: (Time is in decaauts)
 A = Elapsed time spent in this place.
 B = Non-inter-level travel time spent in this place.
 C = Inter-level travel time spent in this place.
 D = Time resting spent in this place.
 E = Time spent auto-exploring this place.
 F = Levels seen in this place.
 G = Mean time per level.
                   A        B        C        D        E       F      G
               +--------+--------+--------+--------+--------+-----+--------+
         Total |   3396 |   3150 |    246 |    503 |   2011 |   4 |  849.0 |
       Dungeon |   3396 |   3150 |    246 |    503 |   2011 |   4 |  849.0 |
               +--------+--------+--------+--------+--------+-----+--------+

Top non-repeatable levels by time:
     D:2: 1442 daAuts
     D:1: 933 daAuts
     D:3: 798 daAuts
     D:4: 222 daAuts
